 Dungeon Crawl Stone Soup version 0.22-a0-812-g4c1e2d5471 (webtiles) character file.

39620 Mirvelgyr the Severer (level 13, -10/119 HPs)
             Began as a Minotaur Berserker on July 23, 2018.
             Was the Champion of Trog.
             Mangled by a red ugly thing (14 damage)
             ... on level 14 of the Dungeon.
             The game lasted 00:25:59 (13551 turns).

Mirvelgyr the Severer (Minotaur Berserker)         Turns: 13551, Time: 00:26:00

Health: -10/119    AC: 20    Str: 24    XL:     13   Next: 70%
Magic:  12/12      EV: 15    Int:  3    God:    Trog [******]
Gold:   301        SH:  0    Dex: 21    Spells: 12/12 levels left

rFire    . . .     SeeInvis .   L - +10 hand axe of Anger {speed, rC++ rN+ Int-5}
rCold    + + .     Gourm    .   (no shield)
rNeg     + . .     Faith    .   P - +0 plate armour of Noluaniq {Str+2 Dex+2}
rPois    .         Spirit   .   (helmet restricted)
rElec    .         Reflect  .   t - +0 cloak
rCorr    .         Harm     .   r - +0 pair of gloves
MR       ++...                  I - +0 pair of boots
Stlth    ..........             q - amulet of regeneration
HPRegen  1.69/turn              s - ring of flight
MPRegen  0.13/turn              D - ring "Takhuhoc" {Int+4 Dex+4}

@: lethally poisoned (-10 -> -11), berserk cooldown, regenerating, slowed, very
slow
A: retaliatory headbutt, horns 2
a: Berserk, Trog's Hand, Brothers in Arms, Renounce Religion, Evoke Flight


You were on level 14 of the Dungeon.
You worshipped Trog.
Trog was exalted by your worship.
You were very hungry.

You visited 1 branch of the dungeon, and saw 14 of its levels.
You also visited: Bailey and Ice Cave.

You collected 1157 gold pieces.
You spent 856 gold pieces at shops.

Inventory:

Hand Weapons
 L - the +10 hand axe of Anger (weapon) {speed, rC++ rN+ Int-5}
   (Trog gifted it to you on level 9 of the Dungeon)

   Attacks with this weapon are significantly faster.
   It affects your intelligence (-5).
   It greatly protects you from cold.
   It protects you from negative energy.
 Q - the +6 battleaxe of Hashoamp {antimagic, +Blink rElec Stlth+}
   (You found it in an ice cave)

   It reduces the magical energy of the wielder, and disrupts the spells and
   magical abilities of those hit.
   Natural abilities and divine invocations are not affected.
   It insulates you from electricity.
   It lets you blink.
   It makes you more stealthy.
Armour
 r - a +0 pair of gloves (worn)
 t - a +0 cloak (worn)
 A - the +10 large shield of Ignorance {rN+ Int-4}
   (You found it on level 7 of the Dungeon)

   It affects your intelligence (-4).
   It protects you from negative energy.
 I - a +0 pair of boots (worn)
 P - the +0 plate armour of Noluaniq (worn) {Str+2 Dex+2}
   (You found it in an ice cave)

   It affects your strength (+2).
   It affects your dexterity (+2).
Jewellery
 d - an uncursed amulet of the gourmand {unknown}
 q - an amulet of regeneration (around neck)
 s - a ring of flight (left hand)
 D - the ring "Takhuhoc" (right hand) {Int+4 Dex+4}
   (You found it on level 7 of the Dungeon)

   [ring of dexterity]

   It affects your intelligence (+4).
   It affects your dexterity (+4).
 K - an uncursed amulet of guardian spirit {unknown}
Wands
 a - a wand of digging (28)
 B - a wand of paralysis (15)
Scrolls
 b - 3 scrolls of fog
 e - 12 scrolls of remove curse
 g - 2 scrolls of magic mapping
 h - 2 scrolls of enchant weapon
 l - 4 scrolls of enchant armour
 m - 11 scrolls of teleportation
 n - 3 scrolls of noise {unknown}
 v - 2 scrolls of blinking {unknown}
 w - 3 scrolls of immolation
 x - 2 scrolls of fear
 y - 3 scrolls of brand weapon {unknown}
 H - 2 scrolls of acquirement {unknown}
 O - a scroll of silence {unknown}
Potions
 f - 3 potions of agility
 i - 7 potions of curing
 k - 10 potions of heal wounds
 o - 3 potions of brilliance
 p - 3 potions of flight
 u - 7 potions of might
 J - 3 potions of haste
 N - 3 potions of resistance
Comestibles
 c - 33 rations
 G - 4 chunks of flesh


   Skills:
 + Level 12.5 Fighting
 + Level 18.2 Axes
 + Level 12.3 Armour
 + Level 11.4 Dodging


You had 12 spell levels left.
You didn't know any spells.
Your spell library was empty.

Dungeon Overview and Level Annotations

Branches:
Dungeon (14/15)            Temple (0/1) D:7            Lair (0/6) D:10
    Orc (0/2) D:9
 Vaults: D:13-14

Altars:
Elyvilon
Fedhas
Makhleb
Okawaru
Uskayaw
Vehumet

Shops:
D:4 [   D:9 *   D:10 *   D:11 !

Annotations:
D:7 exclusion: oklob plant
D:8 1 runed door, Htamos's ghost, novice SpFi


Innate Abilities, Weirdness & Mutations

You reflexively headbutt those who attack you in melee.
You have a pair of horns on your head.


Message History

You hit the purple ugly thing. You slash the phantom!
You destroy the phantom!
Trog accepts your kill.
You feel sick. The red ugly thing punches you!
You are engulfed in flames!
* * * LOW HITPOINT WARNING * * *
The purple ugly thing bites you.
* * * LOW HITPOINT WARNING * * *
You feel much better.
You feel very sick. The red ugly thing punches you!
* * * LOW HITPOINT WARNING * * *
You are engulfed in flames!
* * * LOW HITPOINT WARNING * * *
The green ugly thing gores you but does no damage.
The purple ugly thing bites you.
* * * LOW HITPOINT WARNING * * *
You feel sick. The red ugly thing punches you!
* * * LOW HITPOINT WARNING * * *
You are engulfed in flames!
You die...

..... ....
.... #..# #..#
#..# #.)#
#>.#######u.##
#......†@uu..#
#.########u..#
#<..# ##..#
..# $... .....
.....# .....#


You could see 4 ugly things.

Vanquished Creatures
  An orc warlord (Bailey)
  A frost giant (IceCv)
  Harold (D:9)
  3 hydras
  2 centaur warriors
  Erica (D:11)
  2 two-headed ogres
  A tengu warrior (D:13)
  2 death yaks (IceCv)
  2 unseen horrors
  Pikel (D:8)
  6 ugly things
  A cyclops (D:13)
  2 orc knights (Bailey)
  An elephant (D:10)
  An ice statue (IceCv)
  The ghost of azzavlup the Digger, a novice GrEE (D:7)
  2 kobold demonologists (D:12)
  A centaur skeleton (D:10)
  A rime drake (IceCv)
  A yaktaur (D:13)
  3 meliai (D:13)
  4 trolls
  14 polar bears (IceCv)
  3 hippogriffs
  Sigmund (D:2)
  A shadow (D:13)
  21 yaks
  A wraith (D:10)
  A wyvern (D:11)
  2 hogs (D:7)
  A hungry ghost (D:13)
  2 basilisks (D:10)
  A human (D:7)
  3 vampire mosquitoes (D:13)
  A steam dragon (D:12)
  2 acid dragons (D:12)
  3 water moccasins
  A black bear (D:10)
  4 phantoms
  2 slaves (D:8)
  22 orc warriors
  A hornet zombie (D:10)
  2 ice beasts
  A necrophage (D:10)
  8 ogres
  16 wolves (IceCv)
  13 centaurs
  2 big kobolds
  8 bullfrogs
  2 gnoll sergeants
  2 scorpions
  10 killer bees
  19 wights
  3 crimson imps
  5 quasits (D:7)
  4 centaur zombies
  6 hounds
  3 gnoll shamans (D:4)
  5 jellies
  Crazy Yiuf (D:3)
  15 orc priests
  3 bullfrog skeletons
  10 iguanas
  15 orc wizards
  8 worker ants
  13 adders
  46 gnolls
  4 shadow imps
  An adder zombie (D:9)
  2 worms
  8 leopard geckos
  69 orcs
  9 giant cockroaches
  35 goblins
  20 hobgoblins
  17 jackals
  2 quokkas
  A ball python (D:9)
  5 bats
  5 frilled lizards
  15 kobolds
  A quokka skeleton (D:9)
  A quokka zombie (D:7)
  10 rats
  A fungus (D:3)
  A plant (D:4)
555 creatures vanquished.

Vanquished Creatures (others)
  9 toadstools (D:7)
9 creatures vanquished.

Grand Total: 564 creatures vanquished

Notes
Turn   | Place    | Note
-------+----------+-------------------------------------------
     0 | D:1      | Mirvelgyr the Minotaur Berserker began the quest for the Orb.
     0 | D:1      | Reached XP level 1. HP: 19/19 MP: 0/0
    40 | D:1      | Reached skill level 4 in Axes
   262 | D:1      | Reached XP level 2. HP: 18/26 MP: 1/1
   995 | D:2      | Found a hide-covered altar of Uskayaw.
   996 | D:2      | Noticed Sigmund
  1013 | D:2      | Killed Sigmund
  1013 | D:2      | Reached ** piety under Trog
  1013 | D:2      | Reached skill level 7 in Axes
  1013 | D:2      | Reached XP level 3. HP: 30/31 MP: 2/2
  1013 | D:2      | Reached XP level 4. HP: 39/39 MP: 3/3
  1013 | D:2      | Reached XP level 5. HP: 45/45 MP: 4/4
  1700 | D:3      | Reached skill level 8 in Axes
  1705 | D:3      | Reached XP level 6. HP: 51/51 MP: 5/5
  2157 | D:3      | Found a runed door.
  2161 | D:3      | Noticed Crazy Yiuf
  2170 | D:3      | Killed Crazy Yiuf
  2417 | D:4      | Reached skill level 9 in Axes
  2474 | D:4      | Found a burning altar of Makhleb.
  2633 | D:4      | Found Lane's Armour Shop.
  2673 | D:4      | Reached *** piety under Trog
  2966 | D:4      | Reached XP level 7. HP: 53/57 MP: 6/6
  2973 | D:4      | Reached skill level 10 in Axes
  3419 | D:4      | Reached skill level 11 in Axes
  3480 | D:5      | Entered Level 5 of the Dungeon
  3708 | D:5      | Reached XP level 8. HP: 22/64 MP: 7/7
  3801 | D:5      | Found a radiant altar of Vehumet.
  3819 | D:5      | Reached **** piety under Trog
  3937 | D:5      | Found an iron altar of Okawaru.
  4216 | D:5      | Reached skill level 12 in Axes
  4909 | D:6      | Reached skill level 13 in Axes
  4981 | D:6      | Found a white marble altar of Elyvilon.
  5075 | D:6      | Reached XP level 9. HP: 46/70 MP: 8/8
  5272 | D:6      | Reached skill level 14 in Axes
  5282 | D:6      | Reached ***** piety under Trog
  5790 | D:7      | Found a transporter.
  5821 | D:7      | Paralysed by a centaur for 7 turns
  5831 | D:7      | Reached skill level 5 in Fighting
  5985 | D:7      | Found a transporter.
  5997 | D:7      | Noticed azzavlup's ghost (novice GrEE)
  6022 | D:7      | Killed azzavlup's ghost
  6022 | D:7      | Reached skill level 5 in Armour
  6026 | D:7      | Got the ring "Takhuhoc" {Dex+4}
  6055 | D:7      | Identified the ring "Takhuhoc" {Int+4 Dex+4} (You found it on level 7 of the Dungeon)
  6081 | D:7      | Received a gift from Trog
  6097 | D:7      | Found the +10 large shield of Ignorance {rN+ Int-4}
  6144 | D:7      | Lost intelligence.
  6228 | D:7      | Found a blossoming altar of Fedhas.
  6248 | D:7      | Noticed an oklob plant
  6355 | D:7      | Found a staircase to the Ecumenical Temple.
  6445 | D:7      | Reached skill level 5 in Dodging
  6447 | D:7      | Reached XP level 10. HP: 75/83 MP: 9/9
  6633 | D:8      | Noticed Pikel
  6638 | D:8      | Killed Pikel
  6668 | D:8      | Found a flagged portal.
  6678 | Bailey   | Entered a bailey
  6887 | Bailey   | Reached skill level 15 in Axes
  6955 | Bailey   | Noticed an orc knight
  6955 | Bailey   | Noticed an orc knight
  6955 | Bailey   | Noticed an orc warlord
  6968 | Bailey   | Killed an orc knight
  6974 | Bailey   | Killed an orc warlord
  6976 | Bailey   | Killed an orc knight
  6976 | Bailey   | Reached XP level 11. HP: 74/94 MP: 10/10
  7569 | D:8      | Found a runed door.
  7651 | D:8      | Noticed Htamos's ghost (novice SpFi)
  8020 | D:9      | Found a staircase to the Orcish Mines.
  8169 | D:9      | Noticed Harold
  8180 | D:9      | Killed Harold
  8180 | D:9      | Reached skill level 16 in Axes
  8290 | D:9      | Received a gift from Trog
  8307 | D:9      | Got a smoking hand axe {god gift}
  8308 | D:9      | Lost intelligence.
  8308 | D:9      | Identified the +10 hand axe of Anger {speed, rC++ rN+ Int-5} (Trog gifted it to you on level 9 of the Dungeon)
  8687 | D:9      | Found Lempurus's Serpentskin Sales.
  8756 | D:9      | Noticed a two-headed ogre
  8762 | D:9      | Killed a two-headed ogre
  8876 | D:10     | Entered Level 10 of the Dungeon
  8897 | D:10     | Found a staircase to the Lair.
  8955 | D:10     | Found Ofituif's General Store.
  8958 | D:10     | Bought a scroll of identify for 30 gold pieces
  8958 | D:10     | Bought a potion of might for 60 gold pieces
  8958 | D:10     | Bought a potion of might for 60 gold pieces
  8958 | D:10     | Bought a scroll of enchant armour for 112 gold pieces
  8958 | D:10     | Bought a potion of resistance for 150 gold pieces
  8958 | D:10     | Bought a scroll of fear for 52 gold pieces
  9469 | D:11     | Found a frozen archway.
  9481 | IceCv    | Entered an ice cave
  9534 | IceCv    | Got a steaming plate armour
  9545 | IceCv    | Identified the cursed +0 plate armour of Noluaniq {Str+2 Dex+2} (You found it in an ice cave)
  9619 | IceCv    | Reached XP level 12. HP: 67/106 MP: 11/11
  9624 | IceCv    | Got a crude battleaxe
  9625 | IceCv    | Identified the +6 battleaxe of Hashoamp {antimagic, +Blink rElec Stlth+} (You found it in an ice cave)
  9730 | IceCv    | Reached skill level 10 in Fighting
  9874 | IceCv    | Reached skill level 17 in Axes
  9928 | IceCv    | Reached skill level 10 in Armour
 10216 | IceCv    | Noticed a frost giant
 10216 | IceCv    | Noticed a death yak
 10216 | IceCv    | Noticed a death yak
 10224 | IceCv    | Killed a death yak
 10227 | IceCv    | Killed a frost giant
 10234 | IceCv    | Killed a death yak
 10687 | D:11     | Found Qeogoam's Distillery.
 10691 | D:11     | Bought a potion of haste for 140 gold pieces
 10691 | D:11     | Bought a potion of resistance for 140 gold pieces
 10691 | D:11     | Bought a potion of heal wounds for 70 gold pieces
 10691 | D:11     | Bought a potion of curing for 42 gold pieces
 10733 | D:11     | Reached skill level 10 in Dodging
 10911 | D:11     | Reached ****** piety under Trog
 10931 | D:11     | Noticed a six-headed hydra
 10939 | D:11     | Killed an 11-headed hydra
 11157 | D:11     | Noticed Erica
 11175 | D:11     | Killed Erica
 11600 | D:11     | Received a gift from Trog
 11856 | D:12     | Noticed a seven-headed hydra
 11870 | D:12     | Killed a ten-headed hydra
 11870 | D:12     | Reached XP level 13. HP: 116/116 MP: 6/12
 12778 | D:13     | Received a gift from Trog
 12905 | D:13     | Reached skill level 18 in Axes
 13551 | D:14     | HP: 4/119 [red ugly thing (9)]
 13551 | D:14     | Mangled by a red ugly thing

Vault maps used:
D:1:      minmay_arrival_up_and_down, kennysheep_boxes
D:2:      eat_drink_and_be_merry_uskayaw, uniq_sigmund
D:3:      first_ration, grunt_ministairs_3, uniq_crazy_yiuf_cottage
D:4:      lemuel_castle_with_subvaults, kennysheep_mini_moat, serial_shops, shop
D:5:      basic_altar, kennysheep_okawaru_gauntlet
D:6:      lemuel_crystal_altar
D:7:      tgw_fedhas, minmay_temple_entry_fiery, gammafunk_ghost_stat_death,
          grunt_livestock
D:8:      enter_bailey_8, ebering_ghost_reflecting_pool, uniq_maurice,
          uniq_pikel
D:9:      david_orc_4, guppyfry_shop_venom, uniq_harold
D:10:     david_lair_generic, serial_shops, nicolae_shop_behind_doors
D:11:     portal_ice_cave_entry_pillars_2, serial_shops, nicolae_shop_crystal,
          uniq_erica
D:14:     grunt_vaults_entry_fortified, grunt_dithmenos_shadows
Bailey:   bailey_axe_minmay_hex_keep, bailey
IceCv:    ice_cave_caverns_02

Skill      XL: |  1  2  3  4  5  6  7  8  9 10 11 12 13 |
---------------+----------------------------------------+-----
Axes           | 4 7 8 9 11 13 14 15 16 17 18 | 18.2
Fighting       | 6 7 9 11 12 | 12.5
Armour         | 5 7 9 11 12 | 12.3
Dodging        | 5 6 8 10 11 | 11.4

Action                   |  1- 3 |  4- 6 |  7- 9 | 10-12 | 13-15 || total
-------------------------+-------+-------+-------+-------+-------++-------
Melee: Hand axe          |    49 |   136 |   355 |   138 |   247 ||   925
       Headbutt          |     7 |    27 |    80 |   158 |    87 ||   359
       War axe           |       |       |    81 |   235 |       ||   316
       Battleaxe         |       |       |       |   187 |       ||   187
Invok: Berserk           |     1 |     2 |     6 |     4 |     2 ||    15
       Trog's Hand       |       |     2 |     9 |     3 |     2 ||    16
  Use: Scroll            |       |       |    10 |     7 |     3 ||    20
       Potion            |       |       |       |       |     1 ||     1
  Eat: Chunk             |       |     9 |    21 |    18 |     6 ||    54
       Ration            |       |       |       |     1 |     1 ||     2
Armor: Animal skin       |     3 |       |       |       |       ||     3
       Ring mail         |     6 |    19 |       |       |       ||    25
       Chain mail        |       |    32 |   157 |       |       ||   189
       Plate armour      |       |       |     1 |   196 |    98 ||   295
Dodge: Dodged            |    27 |    56 |   164 |   199 |   134 ||   580
Block: Large shield      |       |       |     8 |   170 |       ||   178

Table legend:
 A = Spawn XP
 B = Non-spawn XP
 C = Spawn XP percentage of total XP
 D = Spawn monster count
 E = Non-spawn monster count
 F = Spawn count percentage of total count
 G = Total turns spent on level
                    A         B        C        D         E        F      G
               +---------+---------+-------+---------+---------+-------+---------
         Total |       0 |   56600 |   0.0 |       0 |     551 |   0.0 | 13551
               +---------+---------+-------+---------+---------+-------+---------
           D:1 |       0 |      24 |   0.0 |       0 |      16 |   0.0 |   981
           D:2 |       0 |     234 |   0.0 |       0 |       8 |   0.0 |   428
           D:3 |       0 |     233 |   0.0 |       0 |      34 |   0.0 |   797
           D:4 |       0 |     787 |   0.0 |       0 |      57 |   0.0 |  1274
           D:5 |       0 |     596 |   0.0 |       0 |      30 |   0.0 |  1319
           D:6 |       0 |    1600 |   0.0 |       0 |      31 |   0.0 |   915
           D:7 |       0 |    2589 |   0.0 |       0 |      34 |   0.0 |   919
           D:8 |       0 |    1486 |   0.0 |       0 |      16 |   0.0 |   948
           D:9 |       0 |    4435 |   0.0 |       0 |      51 |   0.0 |   934
          D:10 |       0 |    3435 |   0.0 |       0 |      26 |   0.0 |   587
          D:11 |       0 |    3954 |   0.0 |       0 |      23 |   0.0 |  1208
          D:12 |       0 |    5365 |   0.0 |       0 |      43 |   0.0 |   705
          D:13 |       0 |   10372 |   0.0 |       0 |      55 |   0.0 |   960
          D:14 |       0 |    3738 |   0.0 |       0 |       8 |   0.0 |    40
        Bailey |       0 |    4482 |   0.0 |       0 |      69 |   0.0 |   361
         IceCv |       0 |   13270 |   0.0 |       0 |      50 |   0.0 |  1175
               +---------+---------+-------+---------+---------+-------+---------
